[Event "TIPC 2006"]
[Site "Charleroi BEL"]
[Date "2006.08.03"]
[Round "7"]
[White "Minet, Julien"]
[Black "Scoriels, Michael"]
[Result "1-0"]
[ECO "C55"]
[WhiteElo "1927"]
[BlackElo "2131"]
[PlyCount "51"]
[TimeControl "40/7200:3600"]

1. e4 e5 2. Nf3 Nc6 3. Bc4 Nf6 4. d3 h6 5. c3 Bc5 6.
b4 Bb6 7. b5 Na5 8. Nxe5 Nxc4 9. Nxc4 d5 10. Nxb6 axb6 11. e5 Ng4 12. O-O Qh4
13. Bf4 h5 14. Nd2 Bd7 15. Nf3 Qe7 16. a4 h4 17. h3 Rh5 18. Nd4 Rh7 19. e6 fxe6
20. Qxg4 O-O-O 21. Qg6 Rdh8 22. a5 e5 23. axb6 Kb8 24. bxc7+ Kxc7 25. b6+ Kd8
26. Bg5 1-0

[Event "TIPC 2006"]
[Site "Charleroi BEL"]
[Date "2006.08.03"]
[Round "7"]
[White "Bruno, Ricardo"]
[Black "Foisor, Mihaela-Veronica"]
[Result "0-1"]
[ECO "A45"]
[WhiteElo "1892"]
[BlackElo "2005"]
[PlyCount "90"]
[TimeControl "40/7200:3600"]

1. d4 Nf6 2. Bg5 g6 3. Bxf6 exf6 4. g3 Bg7 5. e3 O-O
6. Bg2 d5 7. Ne2 f5 8. O-O c6 9. Nd2 Nd7 10. c4 Nf6 11. Nf4 b6 12. cxd5 cxd5
13. Qb3 Bb7 14. Rfc1 Ne4 15. Nxe4 fxe4 16. h4 Qd6 17. Rc3 Rac8 18. Rac1 Rxc3
19. Rxc3 Rd8 20. Qc2 Rd7 21. Bh3 f5 22. Bf1 Bh6 23. Bb5 Re7 24. Bc6 Bxf4 25.
Bxb7 Bxg3 26. Bxd5+ Qxd5 27. Rc8+ Kg7 28. fxg3 Qxa2 29. Ra8 Qa1+ 30. Kg2 Qe1
31. Qc8 Qe2+ 32. Kh3 Qg4+ 33. Kh2 Qe2+ 34. Kh3 Qf1+ 35. Kh2 Qf2+ 36. Kh3 Qf1+
37. Kh2 Qf2+ 38. Kh3 Kh6 39. Qf8+ Rg7 40. Rxa7 Kh5 41. Qxg7 Qf1+ 42. Kh2 Kg4
43. Qe5 Qf2+ 44. Kh1 Kh3 45. Qxf5+ gxf5 0-1

[Event "TIPC 2006"]
[Site "Charleroi BEL"]
[Date "2006.08.03"]
[Round "7"]
[White "Coibion, Charles"]
[Black "Vanhee, Freddy"]
[Result "1-0"]
[ECO "B32"]
[WhiteElo "1847"]
[BlackElo "2005"]
[PlyCount "79"]
[TimeControl "40/7200:3600"]

1. e4 c5 2. Nf3 Nc6 3. d4 cxd4 4. Nxd4 e5 5. Nb5 d6
6. N1c3 a6 7. Na3 b5 8. Nd5 Be7 9. c4 b4 10. Nc2 Rb8 11. Be2 Nf6 12. Bf3 O-O
13. b3 Nd7 14. Nce3 Nc5 15. Nxe7+ Nxe7 16. O-O Bb7 17. Nd5 Nxd5 18. exd5 Bc8
19. Bg4 f5 20. Be2 f4 21. Bg4 Bxg4 22. Qxg4 Rf6 23. Qe2 g5 24. Qg4 Rg6 25. Bd2
a5 26. Rfb1 Qf6 27. a3 h5 28. Qxh5 Rh6 29. Qe2 g4 30. Qxg4+ Kf7 31. axb4 Rg8
32. Qf3 Qh4 33. bxc5 Qxh2+ 34. Kf1 Rhg6 35. Ke2 Rxg2 36. Rh1 Qg3 37. Qxg3 fxg3
38. Raf1 Rh2 39. Rxh2 gxh2 40. Rh1 1-0

[Event "TIPC 2006"]
[Site "Charleroi BEL"]
[Date "2006.08.03"]
[Round "7"]
[White "Marte, Sébastien"]
[Black "Lui, Eric"]
[Result "1-0"]
[ECO "E90"]
[WhiteElo "1810"]
[BlackElo "2003"]
[PlyCount "49"]
[TimeControl "40/7200:3600"]

1. d4 Nf6 2. c4 g6 3. Nc3 Bg7 4. e4 d6 5. Nf3 O-O 6.
Bd3 e5 7. d5 Na6 8. a3 Nc5 9. b4 Nxd3+ 10. Qxd3 a5 11. Qb1 axb4 12. axb4 Rxa1
13. Qxa1 Nh5 14. O-O Nf4 15. Be3 Bg4 16. Qd1 Qf6 17. Nb5 Rc8 18. Bc1 c6 19.
Bxf4 exf4 20. dxc6 Rxc6 21. Qd5 Bxf3 22. gxf3 Qe6 23. Rc1 Qh3 24. Nxd6 Qxf3 25.
Qxf7+ 1-0

[Event "TIPC 2006"]
[Site "Charleroi BEL"]
[Date "2006.08.03"]
[Round "7"]
[White "Werner, Guy"]
[Black "Ackaert, Thierry"]
[Result "1/2-1/2"]
[ECO "C00"]
[WhiteElo "1793"]
[BlackElo "2134"]
[PlyCount "90"]
[TimeControl "40/7200:3600"]

1. e4 e6 2. d4 a6 3. Bd3 b5 4. c3 c5 5. a4 cxd4 6.
cxd4 b4 7. Be3 Bb7 8. Nd2 Nf6 9. f4 Be7 10. Qf3 d6 11. Ne2 Nbd7 12. O-O h5 13.
h3 h4 14. Rac1 Qa5 15. b3 Qh5 16. Qxh5 Rxh5 17. Rc7 Rb8 18. Rfc1 Kd8 19. R7c2
Nh7 20. Nc4 Rc8 21. e5 dxe5 22. Na5 Rxc2 23. Rxc2 Bd5 24. Bxa6 Bd6 25. Rc8+ Ke7
26. dxe5 Nxe5 27. fxe5 Bxe5 28. Bc5+ Kf6 29. Bb7 Bg3 30. Nxg3 hxg3 31. Bd4+ Kg6
32. Rc1 Nf8 33. Bxd5 Rxd5 34. Bc5 Nd7 35. Bxb4 Ne5 36. Nc4 Nd3 37. Rc3 Nxb4 38.
Rxg3+ Kf6 39. Rf3+ Ke7 40. Nb6 Rd1+ 41. Rf1 Rd2 42. a5 Ra2 43. Nc4 Nc6 44. Rf2
Ra1+ 45. Rf1 Ra2 1/2-1/2

[Event "TIPC 2006"]
[Site "Charleroi BEL"]
[Date "2006.08.03"]
[Round "7"]
[White "Di Cosmo, Jonathan"]
[Black "Keiser, Marc"]
[Result "1-0"]
[ECO "D85"]
[WhiteElo "1941"]
[BlackElo "1771"]
[PlyCount "135"]
[TimeControl "40/7200:3600"]

1. d4 Nf6 2. c4 g6 3. Nc3 d5 4. cxd5 Nxd5 5. e4 Nxc3
6. bxc3 Bg7 7. Be3 O-O 8. Nf3 c5 9. Qd2 Qa5 10. Rc1 cxd4 11. cxd4 Qxd2+ 12.
Bxd2 e6 13. Bb5 Nc6 14. Be3 Rd8 15. Rd1 Bd7 16. O-O Rac8 17. Rc1 Be8 18. Rfd1
a6 19. Bxc6 Bxc6 20. d5 exd5 21. exd5 Ba4 22. Rxc8 Rxc8 23. Rb1 b5 24. Bb6 b4
25. h3 Bf8 26. Ba5 Bc2 27. Rc1 Bf5 28. Rxc8 Bxc8 29. Nd4 Kg7 30. Nc6 Kf6 31.
Kf1 Kf5 32. Ke2 Ke4 33. Bxb4 Bxb4 34. Nxb4 a5 35. Nc6 a4 36. Nb4 Kd4 37. Kd2
Kc5 38. Kc3 Bb7 39. h4 h6 40. g3 Bc8 41. a3 Bh3 42. Nc2 f6 43. f4 Bd7 44. Ne3
h5 45. Kd3 f5 46. Kc3 Bb5 47. d6 Kxd6 48. Kd4 Kc6 49. Nc4 Kc7 50. Kc5 Be8 51.
Ne5 Kb7 52. Kd6 Kb6 53. Ke7 Bb5 54. Kf6 Kc5 55. Kxg6 Kd4 56. Kxh5 Kc3 57. Kg5
Be2 58. g4 fxg4 59. Nxg4 Kb3 60. h5 Kxa3 61. h6 Bd3 62. f5 Ka2 63. h7 a3 64.
h8=Q Bb1 65. Qb8 Bxf5 66. Ne3 Ka1 67. Kf4 a2 68. Nd1 1-0

[Event "TIPC 2006"]
[Site "Charleroi BEL"]
[Date "2006.08.03"]
[Round "7"]
[White "Guezennec, Franck"]
[Black "Lhost, Geoffrey"]
[Result "1-0"]
[ECO "C42"]
[WhiteElo "2152"]
[BlackElo "1966"]
[PlyCount "111"]
[TimeControl "40/7200:3600"]

1. e4 e5 2. Nf3 Nf6 3. Nxe5 d6 4. Nf3 Nxe4 5. Nc3 Nxc3 6.
dxc3 Be7 7. Bc4 Nc6 8. Be3 Bg4 9. h3 Bh5 10. g4 Bg6 11. Qe2 O-O 12. O-O-O Be4
13. Bd5 Bxd5 14. Rxd5 Re8 15. g5 Bf8 16. Rdd1 Qd7 17. h4 Qe6 18. Kb1 d5 19. Qb5
Red8 20. h5 a6 21. Qf1 b5 22. g6 fxg6 23. Ng5 Qf5 24. hxg6 Qxg6 25. Rxh7 Be7
26. Rh1 Bxg5 27. Rg1 d4 28. Bxg5 Rd5 29. Bc1 Qf7 30. Bh6 g6 31. Qg2 Rd6 32.
cxd4 Rad8 33. Bg5 Re8 34. Be3 Nb4 35. d5 Qf5 36. Rc1 Qxd5 37. b3 Qf5 38. Qh2
Qf6 39. Rg4 Nd5 40. Bd4 Nc3+ 41. Bxc3 Qxc3 42. Qh6 Ree6 43. f4 Qg7 44. Qg5 Qf6
45. Qc5 Rc6 46. Qd5 Kg7 47. f5 Red6 48. Qe4 Qd8 49. fxg6 Rxg6 50. Rcg1 Rxg4 51.
Qxg4+ Kf7 52. Qg7+ Ke6 53. Re1+ Kf5 54. Re5+ Kf4 55. Re1 Qd5 56. Rf1+ 1-0

[Event "TIPC 2006"]
[Site "Charleroi BEL"]
[Date "2006.08.03"]
[Round "7"]
[White "Chevry, Philippe"]
[Black "Schuermans, Robert"]
[Result "0-1"]
[ECO "A67"]
[WhiteElo "1932"]
[BlackElo "2251"]
[PlyCount "76"]
[TimeControl "40/7200:3600"]

1. d4 Nf6 2. c4 c5 3. d5 e6 4. Nc3 exd5 5. cxd5 d6 6. e4
g6 7. f4 Bg7 8. Bb5+ Nbd7 9. a4 O-O 10. Nf3 a6 11. Bxd7 Nxd7 12. Nd2 Re8 13.
O-O Nf6 14. h3 b6 15. Re1 Rb8 16. Nc4 b5 17. axb5 axb5 18. Nxd6 Qxd6 19. e5 Qe7
20. Be3 Nd7 21. Ra7 Qh4 22. Rf1 g5 23. e6 fxe6 24. dxe6 Rxe6 25. Bxc5 Nf6 26.
Qd8+ Re8 27. Qc7 Nd7 28. Nd5 gxf4 29. Qc6 Qh6 30. Qxh6 Bxh6 31. Rxd7 Bxd7 32.
Nf6+ Kf7 33. Nxd7 Rbd8 34. Nb6 Re2 35. b4 Rdd2 36. Bf2 f3 37. Bg3 Be3+ 38. Kh1
Bxb6 0-1

[Event "TIPC 2006"]
[Site "Charleroi BEL"]
[Date "2006.08.03"]
[Round "7"]
[White "Van den Eede, Gerrit"]
[Black "Marville, Grégoire"]
[Result "0-1"]
[ECO "B22"]
[WhiteElo "1618"]
[BlackElo "1975"]
[PlyCount "106"]
[TimeControl "40/7200:3600"]

1. e4 c5 2. c3 d5 3. exd5 Qxd5 4. d4 Nf6 5. Nf3 e6 6. Be3
cxd4 7. Qxd4 Nc6 8. Qxd5 Nxd5 9. Bg5 f6 10. Bh4 Bc5 11. Bc4 Nce7 12. Bb5+ Kf7
13. O-O Nf5 14. Rd1 Nc7 15. Ba4 Ke7 16. Nbd2 b5 17. Bc2 Nxh4 18. Nxh4 Bb7 19.
Be4 Nd5 20. a4 a6 21. axb5 axb5 22. b3 Rab8 23. c4 Nc3 24. Re1 Rhd8 25. Nhf3
Nxe4 26. Nxe4 Bb4 27. Re2 bxc4 28. bxc4 Rdc8 29. Ned2 Ra8 30. Rb1 Bxf3 31. Nxf3
Rxc4 32. Reb2 Rac8 33. g3 Bd6 34. Rb7+ R8c7 35. Rxc7+ Bxc7 36. Rb2 e5 37. Nd2
Rd4 38. f3 f5 39. Kg2 Ba5 40. Rb7+ Rd7 41. Rxd7+ Kxd7 42. Nc4 Bc3 43. h3 Kc6
44. Ne3 g6 45. g4 f4 46. Nd1 Bd4 47. h4 Kb5 48. Nf2 Bxf2 49. Kxf2 Kc4 50. Ke2
Kc3 51. Ke1 Kd3 52. Kf2 Kd2 53. g5 Kd3 0-1

[Event "TIPC 2006"]
[Site "Charleroi BEL"]
[Date "2006.08.03"]
[Round "7"]
[White "Vivone, Santino"]
[Black "Guyon, Cindy"]
[Result "1/2-1/2"]
[ECO "C03"]
[WhiteElo "1995"]
[BlackElo "1835"]
[PlyCount "63"]
[TimeControl "40/7200:3600"]

1. e4 e6 2. d4 d5 3. Nd2 Be7 4. c3 c5 5. e5 Nc6 6. Ndf3
Qb6 7. Bd3 cxd4 8. cxd4 Bd7 9. Ne2 Bd8 10. O-O Nge7 11. a3 O-O 12. Be3 Nf5 13.
Qb1 h6 14. b4 Nxe3 15. fxe3 f6 16. exf6 Bxf6 17. Kh1 Rac8 18. Qa2 Kh8 19. Rac1
Rc7 20. Nf4 Rfc8 21. Ng6+ Kg8 22. Qf2 Ne7 23. Rxc7 Qxc7 24. Nfe5 Be8 25. Nf4
Qd6 26. Ng4 e5 27. Nxf6+ Qxf6 28. dxe5 Qxe5 29. Ne6 Bg6 30. Bxg6 Nxg6 31. Qf7+
Kh7 32. Qxb7 1/2-1/2

[Event "TIPC 2006"]
[Site "Charleroi BEL"]
[Date "2006.08.03"]
[Round "7"]
[White "Frederiksen, Jens"]
[Black "Pitropakis, Kyriakos"]
[Result "1-0"]
[ECO "B00"]
[WhiteElo "1928"]
[BlackElo "1587"]
[PlyCount "129"]
[TimeControl "40/7200:3600"]

1. e4 h6 2. d4 e6 3. Be2 d5 4. e5 Ne7 5. f4 Nf5 6. Nf3
Be7 7. g3 c5 8. c3 cxd4 9. Nxd4 Kf8 10. Nxf5 exf5 11. Be3 Nc6 12. Qd3 Be6 13.
Nd2 Na5 14. Bd4 Nc4 15. b3 Nxd2 16. Qxd2 b6 17. Rc1 Rc8 18. O-O h5 19. h4 g6
20. Rc2 Kg7 21. Bf3 Bc5 22. Rd1 Qe7 23. Qg2 Rhd8 24. Kh2 Bxd4 25. Rxd4 Rc5 26.
Qd2 b5 27. Qd3 a6 28. Qd2 Qc7 29. b4 Rc4 30. Be2 Rxd4 31. cxd4 Qb7 32. Rc5 Rc8
33. Qc3 Qd7 34. Bf3 Qb7 35. a3 Rxc5 36. Qxc5 Kg8 37. Kg2 Kg7 38. Kf2 Kg8 39.
Ke3 Kg7 40. Kd2 Kg8 41. Bd1 Bd7 42. Bb3 Bc6 43. Kd3 Qd7 44. Ke3 Kg7 45. Qb6 Qb7
46. Qd8 Qa8 47. Qf6+ Kg8 48. e6 Qe8 49. e7 Qd7 50. Qe5 Qe8 51. Qd6 Kg7 52. Bxd5
Bxd5 53. Qxd5 Qxe7+ 54. Qe5+ Qf6 55. d5 Qxe5+ 56. fxe5 Kf8 57. Kf4 Ke8 58. Kg5
Ke7 59. e6 fxe6 60. dxe6 Kxe6 61. Kxg6 Ke5 62. Kxh5 f4 63. gxf4+ Kf5 64. Kh6
Kf6 65. h5 1-0

[Event "TIPC 2006"]
[Site "Charleroi BEL"]
[Date "2006.08.03"]
[Round "7"]
[White "Peeters, Simonne"]
[Black "Delmont, Jean-Robert"]
[Result "1/2-1/2"]
[ECO "A31"]
[WhiteElo "1887"]
[BlackElo "2054"]
[PlyCount "61"]
[TimeControl "40/7200:3600"]

1. d4 Nf6 2. Nf3 c5 3. c4 cxd4 4. Nxd4 Nc6 5. Nc3 Qb6 6.
e3 e6 7. Be2 Bb4 8. O-O O-O 9. Na4 Qc7 10. Nc3 a6 11. Qc2 Nxd4 12. exd4 d5 13.
b3 dxc4 14. bxc4 Bd7 15. Bg5 Be7 16. Rac1 Rac8 17. Rfd1 h6 18. Be3 Bc6 19. g3
b6 20. Qb3 Ba8 21. d5 Rb8 22. a4 Bc5 23. Bf3 Rfc8 24. Ne4 Nxe4 25. Bxe4 Qe5 26.
Qd3 exd5 27. cxd5 Bxe3 28. fxe3 Re8 29. Rc4 b5 30. axb5 axb5 31. Rb4 1/2-1/2

[Event "TIPC 2006"]
[Site "Charleroi BEL"]
[Date "2006.08.03"]
[Round "7"]
[White "Audin, Thierry"]
[Black "Detienne, Stéphane"]
[Result "1-0"]
[ECO "B07"]
[WhiteElo "1990"]
[BlackElo "1829"]
[PlyCount "49"]
[TimeControl "40/7200:3600"]

1. d4 d6 2. Nc3 Nf6 3. e4 g6 4. Be2 c6 5. h4 b5 6. a3 Nbd7
7. h5 e5 8. hxg6 fxg6 9. Nf3 Bb7 10. Bg5 Be7 11. Qd2 Qb6 12. dxe5 dxe5 13. Be3
Qa5 14. O-O O-O-O 15. b4 Qc7 16. Qc1 h6 17. Qb2 a5 18. Bxb5 Nxe4 19. Bc4 axb4
20. Nxe4 bxa3 21. Rxa3 Bxa3 22. Qxa3 Nb8 23. Be6+ Nd7 24. Nd6+ Kb8 25. Qa7# 1-0

[Event "TIPC 2006"]
[Site "Charleroi BEL"]
[Date "2006.08.03"]
[Round "7"]
[White "Sita, Giuseppe"]
[Black "Chung Choong Lon, Marc"]
[Result "0-1"]
[ECO "B02"]
[WhiteElo "1379"]
[BlackElo "1775"]
[PlyCount "46"]
[TimeControl "40/7200:3600"]

1. e4 d5 2. exd5 Nf6 3. Nc3 Nxd5 4. Bc4 Nb6 5. Bb3 e5 6. h3 Nc6 7. d3 f5 8.
Nge2 Bd6 9. O-O f4 10. Ne4 Be7 11. Nd2 h5 12. Nf3 Bc5 13. Re1 g5 14. d4 Be7 15.
dxe5 Bf5 16. Nfd4 Nxd4 17. Qxd4 c5 18. Qc3 Qc7 19. e6 O-O-O 20. Bd2 c4 21. Nd4
Bf6 22. Nb5 Bxc3 23. Nxc7 Bxd2 0-1

[Event "TIPC 2006"]
[Site "Charleroi BEL"]
[Date "2006.08.04"]
[Round "8"]
[White "Eliet, Nicolas"]
[Black "Hanley, Craig"]
[Result "1/2-1/2"]
[ECO "E14"]
[WhiteElo "2427"]
[BlackElo "2419"]
[PlyCount "63"]
[TimeControl "40/7200:3600"]

1. d4 Nf6 2. Nf3 e6 3. e3 b6 4. Bd3 Bb7 5. O-O c5 6.
c4 g6 7. Nc3 Bg7 8. d5 exd5 9. cxd5 Nxd5 10. Nxd5 Bxd5 11. Bxg6 hxg6 12. Qxd5
Nc6 13. Rb1 Rh5 14. Qd3 d5 15. b3 Qc7 16. Bb2 Bxb2 17. Rxb2 O-O-O 18. h3 Qd7
19. Rd1 g5 20. Nh2 f5 21. Rbd2 Qe6 22. Qa6+ Kb8 23. Qe2 g4 24. hxg4 Rxh2 25.
Kxh2 Qh6+ 26. Kg1 Rh8 27. f4 Qh2+ 28. Kf2 Qh4+ 29. Kf1 Qh1+ 30. Kf2 Qh4+ 31.
Kf1 Qh1+ 32. Kf2 1/2-1/2

[Event "TIPC 2006"]
[Site "Charleroi BEL"]
[Date "2006.08.04"]
[Round "8"]
[White "Kadimova, Ilaha"]
[Black "Leitao, Rafael"]
[Result "1/2-1/2"]
[ECO "E13"]
[WhiteElo "2330"]
[BlackElo "2598"]
[PlyCount "92"]
[TimeControl "40/7200:3600"]

1. d4 Nf6 2. c4 e6 3. Nf3 b6 4. Nc3 Bb4 5. Bg5 Bb7
6. Nd2 h6 7. Bh4 Nc6 8. e3 Ne7 9. f3 Nf5 10. Bf2 c5 11. a3 cxd4 12. exd4 Bxc3
13. bxc3 O-O 14. Bd3 d5 15. O-O dxc4 16. Nxc4 Rc8 17. Qd2 Nd5 18. Rfc1 Qg5 19.
Qxg5 hxg5 20. Bxf5 Rxc4 21. Be4 Ba8 22. Bxd5 Bxd5 23. Be3 f6 24. Bd2 Ra4 25.
Rcb1 Rc8 26. Rb4 Rc4 27. Kf2 Kf7 28. h3 Ke7 29. Ke2 Kd6 30. Kd3 e5 31. Be3 Bf7
32. Kc2 Ra5 33. Kb2 exd4 34. Bxd4 Rc8 35. Re1 Re8 36. Rxe8 Bxe8 37. Bf2 Bg6 38.
Rd4+ Kc6 39. c4 Re5 40. Rd2 Bf7 41. Kc3 Re7 42. Kb4 f5 43. Kc3 Kb7 44. Bd4 Bg8
45. Rb2 Rc7 46. Rb4 g6 1/2-1/2

[Event "TIPC 2006"]
[Site "Charleroi BEL"]
[Date "2006.08.04"]
[Round "8"]
[White "Gharamian, Tigran"]
[Black "Foisor, Sabina-Francesca"]
[Result "1-0"]
[ECO "B77"]
[WhiteElo "2460"]
[BlackElo "2292"]
[PlyCount "59"]
[TimeControl "40/7200:3600"]

1. e4 c5 2. Nf3 g6 3. d4 Bg7 4. Nc3 cxd4 5. Nxd4 Nc6
6. Be3 d6 7. Qd2 Nf6 8. f3 O-O 9. Bc4 Na5 10. Bb3 Nxb3 11. axb3 b6 12. h4 h5
13. O-O-O Bd7 14. g4 hxg4 15. h5 Nxh5 16. fxg4 Bxg4 17. Rdg1 Qd7 18. Rh4 e5 19.
Ndb5 f5 20. exf5 gxf5 21. Bh6 Nf6 22. Bxg7 Qxg7 23. Nxd6 Rfd8 24. Nxf5 Rxd2 25.
Nxg7 Rd4 26. Nf5 Kf7 27. Nxd4 exd4 28. Nb5 Bd7 29. Nxd4 Nd5 30. Rh7+ 1-0

[Event "TIPC 2006"]
[Site "Charleroi BEL"]
[Date "2006.08.04"]
[Round "8"]
[White "Perez Garcia, Rodney"]
[Black "Maes, Wim"]
[Result "1/2-1/2"]
[ECO "B48"]
[WhiteElo "2406"]
[BlackElo "2287"]
[PlyCount "57"]
[TimeControl "40/7200:3600"]

1. e4 c5 2. Nf3 e6 3. d4 cxd4 4. Nxd4 Nc6 5. Nc3 Qc7
6. Be3 a6 7. a3 Nf6 8. Be2 Be7 9. O-O O-O 10. f4 d6 11. Qe1 Nxd4 12. Bxd4 b5
13. Qg3 Bb7 14. Rae1 g6 15. f5 e5 16. Be3 d5 17. exd5 Nxd5 18. Nxd5 Bxd5 19.
Bd3 Bd6 20. Qh4 e4 21. fxg6 hxg6 22. Bxe4 Bxe4 23. Bd4 Be5 24. Qxe4 Bxd4+ 25.
Qxd4 Qxc2 26. Rc1 Qe2 27. Rf2 Qe7 28. Qf6 Rfe8 29. Qxe7 1/2-1/2

[Event "TIPC 2006"]
[Site "Charleroi BEL"]
[Date "2006.08.04"]
[Round "8"]
[White "Denayer, Eric"]
[Black "Hovhanisian, Mher"]
[Result "1/2-1/2"]
[ECO "D52"]
[WhiteElo "2279"]
[BlackElo "2359"]
[PlyCount "50"]
[TimeControl "40/7200:3600"]

1. Nf3 d5 2. d4 Nf6 3. c4 c6 4. Nc3 e6 5. Bg5 Nbd7
6. e3 Qa5 7. Nd2 dxc4 8. Bxf6 Nxf6 9. Nxc4 Qc7 10. Bd3 b5 11. Ne5 Bd6 12. f4 a6
13. a4 Bb7 14. O-O O-O 15. Rf3 b4 16. Rh3 h6 17. Ne4 Nxe4 18. Bxe4 f5 19. Bf3
c5 20. Qb3 Rfe8 21. Rc1 Rac8 22. Bxb7 Qxb7 23. dxc5 Rxc5 24. Rxc5 Bxc5 25. Nf3
Bd6 1/2-1/2

[Event "TIPC 2006"]
[Site "Charleroi BEL"]
[Date "2006.08.04"]
[Round "8"]
[White "Van Mechelen, Jan"]
[Black "Plachetka, Jan"]
[Result "1-0"]
[ECO "A45"]
[WhiteElo "2251"]
[BlackElo "2427"]
[PlyCount "39"]
[TimeControl "40/7200:3600"]

1. d4 Nf6 2. Bg5 g6 3. Bxf6 exf6 4. e3 Bg7 5. g3 O-O
6. Bg2 d5 7. Ne2 c6 8. O-O Qb6 9. b3 f5 10. c4 dxc4 11. bxc4 c5 12. Nbc3 Nc6
13. Na4 Qb4 14. Nxc5 Qxc4 15. Qd2 a5 16. Rab1 Be6 17. Rb2 a4 18. a3 Ra5 19.
Nxe6 fxe6 20. Bxc6 1-0

[Event "TIPC 2006"]
[Site "Charleroi BEL"]
[Date "2006.08.04"]
[Round "8"]
[White "Van Uytven, Eric"]
[Black "Laurent, Bruno"]
[Result "0-1"]
[ECO "E91"]
[WhiteElo "2167"]
[BlackElo "2404"]
[PlyCount "78"]
[TimeControl "40/7200:3600"]

1. d4 Nf6 2. c4 g6 3. Nc3 Bg7 4. e4 d6 5. Nf3 O-O 6.
Be2 Na6 7. O-O e5 8. Be3 Ng4 9. Bg5 Qe8 10. dxe5 dxe5 11. h3 f6 12. Bd2 Nh6 13.
Be3 c6 14. Rb1 Qe7 15. Qa4 f5 16. c5 Nc7 17. b4 f4 18. Bd2 a6 19. Qb3+ Kh8 20.
Na4 Nb5 21. Nb6 Rb8 22. Bc4 Nd4 23. Nxd4 exd4 24. Nxc8 Rbxc8 25. Rfe1 Be5 26.
Qf3 Rce8 27. Rbd1 Qh4 28. Bc1 g5 29. Be2 g4 30. hxg4 Rg8 31. Qh3 Qf6 32. Bb2
Nf7 33. Bc4 Ng5 34. Qd3 f3 35. Bxd4 Rg7 36. Qc3 fxg2 37. Bxe5 Rxe5 38. Rd8+
Qxd8 39. Qxe5 Nf3+ 0-1

[Event "TIPC 2006"]
[Site "Charleroi BEL"]
[Date "2006.08.04"]
[Round "8"]
[White "Vandevoort, Pascal"]
[Black "Bolzoni, Victor-Angel"]
[Result "1-0"]
[ECO "A53"]
[WhiteElo "2388"]
[BlackElo "2170"]
[PlyCount "55"]
[TimeControl "40/7200:3600"]

1. d4 Nf6 2. c4 d6 3. Nc3 Bf5 4. e3 e5 5. Nge2 Be7
6. Ng3 Bg6 7. Be2 c6 8. d5 h5 9. h4 cxd5 10. cxd5 Nbd7 11. e4 Rc8 12. Be3 a6
13. a4 Nc5 14. a5 Kf8 15. Bf3 Ng4 16. Bxg4 hxg4 17. h5 Bh7 18. Qxg4 Nd3+ 19.
Ke2 Nxb2 20. Rhc1 Qe8 21. Rab1 Nc4 22. Na4 g6 23. Rb4 Nxe3 24. Qxc8 Nxg2 25.
Qxe8+ Kxe8 26. Rc8+ Bd8 27. Rxb7 Bg8 28. Rbb8 1-0

[Event "TIPC 2006"]
[Site "Charleroi BEL"]
[Date "2006.08.04"]
[Round "8"]
[White "Terrieux, Kevin"]
[Black "Hoffmeister, Frank"]
[Result "1/2-1/2"]
[ECO "D49"]
[WhiteElo "2343"]
[BlackElo "2114"]
[PlyCount "128"]
[TimeControl "40/7200:3600"]

1. d4 d5 2. c4 c6 3. Nc3 Nf6 4. Nf3 e6 5. e3 Nbd7 6.
Bd3 dxc4 7. Bxc4 b5 8. Bd3 a6 9. e4 c5 10. e5 cxd4 11. Nxb5 axb5 12. exf6 Qb6
13. O-O Bb7 14. fxg7 Bxg7 15. Qe2 b4 16. Bf4 Bxf3 17. Qxf3 O-O 18. Rfe1 Nc5 19.
Qg3 Kh8 20. Bd6 Rfe8 21. Bc4 Rac8 22. b3 Na4 23. Rad1 Nb2 24. Be5 Rg8 25. Rxd4
Nxc4 26. Rxc4 Rxc4 27. bxc4 Qc6 28. Qg5 Bxe5 29. Qxe5+ Rg7 30. Qe4 Qxe4 31.
Rxe4 Rg5 32. Kf1 Kg7 33. Re2 Kf6 34. Rc2 Ke7 35. Rb2 Ra5 36. Rxb4 Rxa2 37. Rb7+
Kf6 38. c5 Rc2 39. Rc7 e5 40. c6 Ke6 41. Rc8 Kd6 42. Rh8 Rxc6 43. Rxh7 Ke6 44.
Rh6+ f6 45. g4 Kf7 46. Rh8 Rc4 47. h3 Kg7 48. Re8 Kf7 49. Ra8 Kg6 50. Kg2 f5
51. Kg3 Rc3+ 52. Kh4 fxg4 53. Ra6+ Kg7 54. hxg4 Rf3 55. Ra2 Kg6 56. Rc2 e4 57.
Rc6+ Kg7 58. Re6 Rxf2 59. Rxe4 Ra2 60. Kh5 Ra6 61. Re7+ Kg8 62. Rb7 Rc6 63. g5
Ra6 64. g6 Ra1 1/2-1/2

[Event "TIPC 2006"]
[Site "Charleroi BEL"]
[Date "2006.08.04"]
[Round "8"]
[White "Russo, Julien"]
[Black "Mohandesi, Shahin"]
[Result "1-0"]
[ECO "B33"]
[WhiteElo "2145"]
[BlackElo "2253"]
[PlyCount "185"]
[TimeControl "40/7200:3600"]

1. e4 c5 2. Nf3 e6 3. d4 cxd4 4. Nxd4 Nf6 5. Nc3 Nc6 6. Ndb5 d6 7. Bf4 e5 8.
Bg5 a6 9. Na3 b5 10. Nd5 Be7 11. Bxf6 Bxf6 12. c3 O-O 13. Nc2 Rb8 14. h4 Be7
15. Nce3 a5 16. g3 b4 17. Bc4 bxc3 18. bxc3 Be6 19. Qa4 Bd7 20. Bb5 Rc8 21. Nc4
Nb8 22. Qxa5 Rc5 23. Qxd8 Bxd8 24. Bxd7 Rxc4 25. Bb5 Rxe4+ 26. Kd2 Rg4 27. a4
Ba5 28. Ne3 Rg6 29. Nc4 Bc7 30. a5 d5 31. Ne3 Nc6 32. a6 Na7 33. Rhb1 Rd8 34.
Bf1 Bb6 35. Ra4 Kf8 36. Rab4 Bc5 37. Rb8 Rgd6 38. R1b7 g6 39. Rxd8+ Rxd8 40.
Ng4 e4 41. Ne5 Kg8 42. Ke1 d4 43. Nd7 dxc3 44. Nxc5 c2 45. Nb3 Rd1+ 46. Ke2 Nc6
47. a7 Nxa7 48. Rxa7 Rb1 49. Rc7 Rxb3 50. Rxc2 f5 51. Kd2 Rb7 52. Rc3 Kg7 53.
Ke3 h5 54. Kf4 Kh6 55. Bc4 Rc7 56. Ke5 Rb7 57. Bb3 Rb8 58. Kf6 Rb6+ 59. Be6 Kh7
60. Rc7+ Kh6 61. Rc8 Kh7 62. Re8 Ra6 63. Re7+ Kh6 64. Kf7 Rb6 65. Bd7 Kh7 66.
Be8 Ra6 67. Re6 Rxe6 68. Kxe6 Kg7 69. Ke7 Kh7 70. Kf6 Kh6 71. Bf7 Kh7 72. Kg5
Kg7 73. Bxg6 Kf8 74. Bxf5 Kg7 75. Bxe4 Kh8 76. Kxh5 Kg7 77. f4 Kf6 78. Kh6 Kf7
79. Kh7 Kf6 80. g4 Ke6 81. g5 Kd6 82. g6 Kc5 83. g7 Kd4 84. f5 Ke3 85. g8=Q Kd4
86. f6 Ke3 87. f7 Kd4 88. f8=R Ke3 89. Qg3+ Kd4 90. Bh1 Kc5 91. Rd8 Kb6 92. Qc3
Ka6 93. Qb2 1-0

[Event "TIPC 2006"]
[Site "Charleroi BEL"]
[Date "2006.08.04"]
[Round "8"]
[White "Foisor, Mihaela-Veronica"]
[Black "Both, Erik"]
[Result "0-1"]
[ECO "A41"]
[WhiteElo "2005"]
[BlackElo "2286"]
[PlyCount "68"]
[TimeControl "40/7200:3600"]

1. d4 g6 2. c4 Bg7 3. Nf3 d6 4. Nc3 Nc6 5. e3 e5 6.
Be2 Nge7 7. d5 Nb8 8. Nd2 f5 9. f4 Nd7 10. O-O e4 11. Qc2 c6 12. dxc6 bxc6 13.
Nb3 O-O 14. Rd1 Nf6 15. Nd4 a6 16. c5 d5 17. Na4 Ne8 18. Nb6 Ra7 19. Bd2 Bxd4
20. exd4 Be6 21. Ba5 Qb8 22. g3 g5 23. Rf1 gxf4 24. gxf4 Ng6 25. Bd2 Nf6 26. b4
Ng4 27. h3 e3 28. hxg4 exd2 29. gxf5 Nxf4 30. Qxd2 Rg7+ 31. Kh1 Bxf5 32. Qxf4
Be4+ 33. Qxe4 dxe4 34. Bc4+ Kh8 0-1

[Event "TIPC 2006"]
[Site "Charleroi BEL"]
[Date "2006.08.04"]
[Round "8"]
[White "Schuermans, Robert"]
[Black "Todts, Benny"]
[Result "1-0"]
[ECO "C18"]
[WhiteElo "2251"]
[BlackElo "1983"]
[PlyCount "73"]
[TimeControl "40/7200:3600"]

1. e4 e6 2. d4 d5 3. Nc3 Bb4 4. e5 c5 5. a3 Bxc3+ 6.
bxc3 Qc7 7. Qg4 Ne7 8. Qxg7 Rg8 9. Qxh7 cxd4 10. Kd1 Nbc6 11. Nf3 dxc3 12. Ng5
Nxe5 13. Bf4 Qb6 14. Bxe5 Rxg5 15. Qh4 Rf5 16. Qh8+ Kd7 17. Bd4 Qd6 18. Bd3 Qf4
19. Ke1 Qd2+ 20. Kf1 b6 21. Kg1 Bb7 22. Qh3 Qf4 23. Be3 Qe5 24. f4 Qf6 25. Qf3
Bc6 26. Qf2 Rg8 27. Bd4 Qh6 28. Bxf5 Nxf5 29. Rd1 Nd6 30. h4 Ne4 31. Qf3 Rg3
32. Qxe4 dxe4 33. Bg7+ Kc7 34. Bxh6 e3 35. Rh2 Be4 36. f5 e5 37. Re1 1-0

[Event "TIPC 2006"]
[Site "Charleroi BEL"]
[Date "2006.08.04"]
[Round "8"]
[White "Marville, Grégoire"]
[Black "Demanghon, Jonathan"]
[Result "0-1"]
[ECO "C02"]
[WhiteElo "1975"]
[BlackElo "2160"]
[PlyCount "54"]
[TimeControl "40/7200:3600"]

1. e4 e6 2. d4 d5 3. e5 c5 4. c3 Nc6 5. Nf3 Bd7 6.
a3 f6 7. Be2 fxe5 8. Nxe5 Nxe5 9. dxe5 Qc7 10. f4 O-O-O 11. Be3 Nh6 12. Bg4 Qb6
13. b4 d4 14. cxd4 Bb5 15. Be2 Nf5 16. Bf2 Nxd4 17. Bxb5 Qxb5 18. Bxd4 Rxd4 19.
Qg4 Qd3 20. Kf2 Qc2+ 21. Kg3 Rd3+ 22. Kh4 Be7+ 23. Kh5 Rf8 24. Qxe6+ Rd7 25.
Ra2 Qd3 26. Kg4 h5+ 27. Kxh5 Rh8+ 0-1

[Event "TIPC 2006"]
[Site "Charleroi BEL"]
[Date "2006.08.04"]
[Round "8"]
[White "Hanley, James L."]
[Black "Guebel, Yves"]
[Result "1-0"]
[ECO "B90"]
[WhiteElo "2155"]
[BlackElo "1978"]
[PlyCount "51"]
[TimeControl "40/7200:3600"]

1. e4 c5 2. Nf3 d6 3. d4 cxd4 4. Nxd4 Nf6 5. Nc3 a6
6. a4 Nc6 7. Nxc6 bxc6 8. Be2 e6 9. Be3 Rb8 10. O-O Rxb2 11. a5 Nd7 12. Qd2 Be7
13. Na4 Rb8 14. Ba7 Ra8 15. Bd4 e5 16. Bb6 Nxb6 17. Nxb6 Rb8 18. Qc3 Bb7 19.
Bxa6 Bxa6 20. Qxc6+ Kf8 21. Nd7+ Kg8 22. Nxb8 Bxf1 23. Kxf1 Qxb8 24. a6 Qb2 25.
Qe8+ Bf8 26. Qa4 1-0